 Seeded DCSS version 0.27.1-2-g3b301248ec (webtiles) character file.

Game seed: 14551798346683263451 (custom seed)

8877 babuloseo the Cleaver (level 11, -10/85 HPs)
             Began as a Human Gladiator on Oct 1, 2021.
             Was a High Priest of Okawaru.
             Mangled by a boulder beetle (15 damage)
             ... on level 11 of the Dungeon.
             The game lasted 00:13:55 (10260 turns).

babuloseo the Cleaver (Human Gladiator)            Turns: 10260, Time: 00:13:56

Health: -10/85     AC: 13    Str: 18    XL:     11   Next: 64%
Magic:  0/15       EV: 13    Int: 12    God:    Okawaru [*****.]
Gold:   1282       SH:  0    Dex: 14    Spells: 10/10 levels left

rFire    . . .     SeeInvis .   i - +2 executioner's axe (elec)
rCold    + . .     Faith    .   (shield currently unavailable)
rNeg     . . .     Spirit   +   u - +3 scale mail {rPois}
rPois    +         Reflect  .   k - +1 helmet {Int+3}
rElec    .         Harm     .   l - +0 cloak
rCorr    .         Rampage  .   s - +0 pair of gloves
Will     .....     Clarity  +   (no boots) Stlth ..........Rnd*Tele +
                                A - amulet of guardian spirit
HPRegen  0.24/turn              (no ring)
MPRegen  0.14/turn              (no ring)

@: very slow
A: clarity, cold resistance 1, teleportitis 1
a: Renounce Religion, Heroism, Finesse


You were on level 11 of the Dungeon.
You worshipped Okawaru.
Okawaru was extremely pleased with you.
You visited 2 branches of the dungeon, and saw 12 of its levels.

You collected 1282 gold pieces.

Inventory:

Hand Weapons
 a - a +0 war axe
 i - a +2 executioner's axe of electrocution (weapon)
 t - a +1 vorpal war axe
Missiles
 d - 2 throwing nets (quivered)
Armour
 b - a +0 leather armour
 c - a +0 helmet
 k - a +1 helmet of intelligence (worn)
 l - a +0 cloak (worn)
 m - a +0 ring mail
 q - a +0 scale mail
 s - a +0 pair of gloves (worn)
 u - a +3 scale mail of poison resistance (worn)
 z - +0 acid dragon scales
Jewellery
 v - a ring of fire
 A - an amulet of guardian spirit (around neck)
 C - an amulet of faith
Wands
 j - a wand of flame (24)
 E - a wand of iceblast (8)
Scrolls
 e - a scroll of torment {unknown}
 f - 3 scrolls of enchant armour {unknown}
 r - a scroll of blinking
 w - 2 scrolls of teleportation
 x - a scroll of brand weapon {unknown}
 y - a scroll of noise {unknown}
 F - a scroll of holy word
 G - 3 scrolls of identify
Potions
 g - a potion of berserk rage
 h - 2 potions of brilliance
 n - 2 potions of degeneration
 o - a potion of curing
 p - 4 potions of attraction
 B - a potion of haste
 D - a potion of magic


   Skills:
 + Level 7.6 Fighting
 * Level 11.0 Axes
 + Level 7.7 Throwing
 + Level 8.1 Dodging
 + Level 5.3 Invocations


You had 10 spell levels left.
You didn't know any spells.
Your spell library contained the following spells:

 Spells                   Type           Power      Damage    Failure   Level
 Foxfire                  Conj/Fire      0%         2x1d4     75%         1
 Magic Dart               Conj           0%         1d3       75%         1
 Blink                    Tloc           N/A        N/A       86%         2
 Call Imp                 Summ           0%         N/A       86%         2
 Searing Ray              Conj           0%         3d3       86%         2
 Conjure Flame            Conj/Fire      0%         6-21      98%         3
 Dazzling Flash           Conj/Hex       0%         N/A       98%         3
 Inner Flame              Hex/Fire       0%         N/A       98%         3
 Lesser Beckoning         Tloc           0%         N/A       98%         3
 Mephitic Cloud           Conj/Pois/Air  0%         N/A       98%         3
 Fulminant Prism          Conj/Hex       0%         3d6       100%        4
 Agony                    Necr           0%         N/A       100%        5
 Manifold Assault         Tloc           0%         N/A       100%        5
 Silence                  Hex/Air        0%         N/A       100%        5


Dungeon Overview and Level Annotations

Branches:
Dungeon (11/15)            Temple (1/1) D:5            Lair (0/6) D:9
    Orc (0/2) D:9

Altars:
Ashenzari
Elyvilon
Gozag
Okawaru
Qazlal
Ru
Sif Muna
Wu Jian
Xom
Yredelemnul
Zin


Innate Abilities, Weirdness & Mutations

You possess an exceptional clarity of mind.
Your flesh is cold resistant. (rC+)
You are occasionally teleported next to monsters.


Message History

The kobold demonologist gestures wildly while chanting.
The orange demon stings you but does no damage.
The orange demon hits you but does no damage.
The boulder beetle bites you!!
* * * LOW HITPOINT WARNING * * *
Unknown command.
You slice the kobold demonologist!!
The kobold demonologist is severely wounded.
You barely miss the orange demon. You hit the crimson imp.
Lightning courses through the crimson imp!!
You kill the crimson imp!
You slice the boulder beetle!!
The kobold demonologist casts a spell.
The orange demon misses you.
The orange demon hits you but does no damage.
The boulder beetle bites you.
* * * LOW HITPOINT WARNING * * *
The kobold demonologist hits you but does no damage.
You slash the kobold demonologist!
You kill the kobold demonologist!
Okawaru accepts your kill.
You hear a splash. x2
The orange demon disappears in a puff of smoke!
The crimson imp disappears in a puff of smoke!
The white imp disappears in a puff of smoke!
The hellwing disappears in a puff of smoke!
The ufetubus disappears in a puff of smoke!
You slice the boulder beetle!! The boulder beetle closely misses you.
The boulder beetle leaps!
You enter the shallow water.
Moving in this stuff is going to be slow.
Things that are here:
a +0 dagger; a +0 robe; a kobold corpse The boulder beetle bites you.
* * * LOW HITPOINT WARNING * * *
The boulder beetle barely misses you.
You hit the boulder beetle.
The boulder beetle is severely wounded.
The boulder beetle bites you!
You die...

... ..# ..#
######..#
...##.......#
.....≈≈≈≈≈.#
...≈≈...≈≈#
#.≈..°°.≈##
#.≈.☼§..≈.#
#≈B☼...≈.#
#≈@...≈≈#
##)≈≈≈≈##
#.....##
#...###.#
..#... #..
...###. #..
#.. #. ### ##
. #.


You could see a boulder beetle.

Vanquished Creatures
  Erica (D:9)
  A death knight (D:9)
  A skeletal warrior (D:9)
  An ugly thing (D:11)
  A kobold demonologist (D:11)
  A komodo dragon (D:9)
  2 hornets
  A wyvern (D:8)
  2 vampires
  9 yaks
  A steam dragon (D:7)
  Edmund (D:6)
  2 acid dragons
  2 water moccasins (D:7)
  An ice beast (D:7)
  4 orc warriors
  A black bear (D:6)
  2 necrophages
  An ogre (D:5)
  A centaur (D:9)
  2 phantoms (D:6)
  A bullfrog (D:7)
  2 kobold brigands
  2 wyvern zombies
  A scorpion (D:6)
  4 killer bees (D:8)
  3 wights (D:8)
  A howler monkey (D:11)
  7 centaur zombies
  A bullfrog zombie (D:6)
  Crazy Yiuf (D:2)
  2 jellies (D:6)
  A hound (D:6)
  9 orc wizards
  4 iguanas
  Robin (D:2)
  2 adders
  A white imp (D:7)
  3 adder skeletons
  3 worms
  A dart slug (D:4)
  25 orcs
  An endoplasm (D:3)
  14 goblins
  12 hobgoblins
  3 jackals (D:4)
  10 kobolds
  A quokka (D:2)
  7 ball pythons
  3 bats (D:2)
  3 rats (D:2)
167 creatures vanquished.

Vanquished Creatures (others)
  A two-headed ogre (D:11)
  A deep elf pyromancer (D:11)
  2 centaurs (D:11)
  5 plants
9 creatures vanquished.

Grand Total: 176 creatures vanquished

Notes
Turn   | Place    | Note
-------+----------+-------------------------------------------
     0 | D:1      | babuloseo the Human Gladiator began the quest for the Orb.
     0 | D:1      | Reached XP level 1. HP: 16/16 MP: 1/1
     9 | D:2      | Found a stormy altar of Qazlal.
    14 | D:2      | Reached XP level 2. HP: 18/22 MP: 2/2
   425 | D:2      | Identified a scroll of acquirement
   425 | D:2      | Acquired a +2 executioner's axe of electrocution
   459 | D:2      | Reached XP level 3. HP: 27/27 MP: 3/3
   528 | D:2      | Found a runed translucent door.
   529 | D:2      | Noticed Crazy Yiuf
   534 | D:2      | Killed Crazy Yiuf
   535 | D:2      | Reached XP level 4. HP: 26/34 MP: 4/4
   718 | D:2      | Noticed Robin
   728 | D:2      | Killed Robin
   970 | D:2      | Reached skill level 4 in Axes
  1154 | D:2      | Found Gisot's Antique Weapon Boutique.
  1733 | D:3      | Found a faded altar of an unknown god.
  1738 | D:3      | Reached XP level 5. HP: 38/38 MP: 5/5
  2260 | D:3      | Found an opulent altar of Gozag.
  2510 | D:4      | Found a white marble altar of Elyvilon.
  2527 | D:4      | Noticed a necrophage
  2535 | D:4      | Killed a necrophage
  2536 | D:4      | Reached XP level 6. HP: 43/47 MP: 6/6
  2581 | D:4      | Found a glowing silver altar of Zin.
  3368 | D:4      | Found an ornate altar of the Wu Jian Council.
  3589 | D:4      | Gained mutation: You tend to lose your temper in combat.
                  | [potion of mutation]
  3589 | D:4      | Gained mutation: Your flesh is cold resistant. (rC+)
                  | [potion of mutation]
  3610 | D:5      | Entered Level 5 of the Dungeon
  3638 | D:5      | Reached skill level 5 in Axes
  3881 | D:5      | Found a staircase to the Ecumenical Temple.
  3889 | D:5      | Reached XP level 7. HP: 14/52 MP: 7/7
  3896 | Temple   | Entered the Ecumenical Temple
  4152 | Temple   | Became a worshipper of Warmaster Okawaru
  4520 | D:4      | Identified the +7 spear of Untimely Demise {antimagic,
                  | rCorr}
  4541 | D:5      | Found a broken altar of Ashenzari.
  4619 | D:6      | Noticed Edmund
  4622 | D:6      | Reached * piety under Okawaru
  4623 | D:6      | Reached skill level 6 in Axes
  4623 | D:6      | Reached XP level 8. HP: 39/60 MP: 8/8
  4634 | D:6      | Killed Edmund
  4635 | D:6      | Reached skill level 5 in Dodging
  4895 | D:6      | Noticed a yak
  4895 | D:6      | Noticed a yak
  4895 | D:6      | Noticed a yak
  4907 | D:6      | Killed a yak
  4909 | D:6      | Killed a yak
  4912 | D:6      | Killed a yak
  4912 | D:6      | Reached ** piety under Okawaru
  4913 | D:6      | Reached skill level 7 in Axes
  5091 | D:6      | Reached skill level 5 in Fighting
  5091 | D:6      | Reached XP level 9. HP: 56/68 MP: 9/9
  5312 | D:6      | Reached skill level 5 in Throwing
  5726 | D:7      | Acquired 879 gold pieces
  5771 | D:7      | Reached skill level 8 in Axes
  6727 | D:8      | Lost mutation: You tend to lose your temper in combat.
                  | [potion of mutation]
  6727 | D:8      | Gained mutation: You are clumsy. (Dex -2) [potion of
                  | mutation]
  6727 | D:8      | Lost mutation: Your flesh is cold resistant. (rC+) [potion
                  | of mutation]
  6727 | D:8      | Gained mutation: Your flesh is cold resistant. (rC+)
                  | [potion of mutation]
  6727 | D:8      | Gained mutation: Your flesh is heat resistant. (rF+)
                  | [potion of mutation]
  6728 | D:8      | Lost mutation: Your flesh is heat resistant. (rF+) [potion
                  | of mutation]
  6728 | D:8      | Lost mutation: You are clumsy. (Dex -2) [potion of
                  | mutation]
  6728 | D:8      | Gained mutation: You are occasionally teleported next to
                  | monsters. [potion of mutation]
  6728 | D:8      | Gained mutation: You possess an exceptional clarity of
                  | mind. [potion of mutation]
  6906 | D:7      | Reached *** piety under Okawaru
  6907 | D:7      | Reached skill level 1 in Invocations
  7000 | D:8      | HP: 3/69 [orc warrior (5)]
  7005 | D:8      | Reached XP level 10. HP: 23/76 MP: 1/11
  7441 | D:8      | Reached skill level 9 in Axes
  7879 | D:8      | Found a shimmering blue altar of Sif Muna.
  7978 | D:8      | Found a sacrificial altar of Ru.
  8300 | D:9      | Noticed Erica
  8327 | D:9      | Killed Erica
  8473 | D:9      | Reached **** piety under Okawaru
  8473 | D:9      | Found a staircase to the Lair.
  8473 | D:9      | Noticed a komodo dragon
  8482 | D:9      | Killed a komodo dragon
  8778 | D:9      | Found a staircase to the Orcish Mines.
  8827 | D:9      | Identified the +8 great sword "Xyquaj" {elec, rElec}
  9127 | D:10     | Entered Level 10 of the Dungeon
  9127 | D:10     | Noticed a death knight
  9127 | D:10     | Noticed a skeletal warrior
  9127 | D:10     | Noticed a freezing wraith
  9142 | D:9      | Killed a death knight
  9143 | D:9      | Reached skill level 10 in Axes
  9143 | D:9      | Reached XP level 11. HP: 36/84 MP: 2/14
  9361 | D:9      | Killed a skeletal warrior
  9892 | D:9      | Reached ***** piety under Okawaru
 10019 | D:11     | Noticed a green ugly thing
 10025 | D:11     | Killed a green ugly thing
 10040 | D:11     | Killed a two-headed ogre
 10079 | D:11     | Reached skill level 5 in Invocations
 10213 | D:11     | Killed a deep elf pyromancer
 10242 | D:11     | Noticed a six-headed hydra
 10245 | D:11     | Noticed a two-headed ogre
 10245 | D:11     | Found a shimmering altar of Xom.
 10250 | D:11     | Noticed a boulder beetle
 10251 | D:11     | Reached skill level 11 in Axes
 10260 | D:11     | Mangled by a boulder beetle

Illustrated notes

Levels and vault maps discovered:
D:1:      lemuel_arrival_river_bridge, layout_rooms
D:2:      layout_loops_cross, basic_altar, serial_shops, shop,
          minmay_goblin_kobold_house, uniq_crazy_yiuf_cottage, uniq_robin
D:3:      layout_basic, grunt_gozag_breadcrumbs,
          hellmonk_ecumenical_altar_heavens_door
D:4:      layout_loops_ring, zin_treasury, elyvilon_altar_3,
          nzn_wu_jian_contemplation, serial_co_window_serial,
          co_window_corner_a, co_window_corner_a, co_window_of_opportunity_a,
          co_window_corner_a, co_window_paths_a, co_window_corner_b,
          co_window_paths_c, co_window_2corner, co_window_paths_c,
          co_window_of_opportunity_b, co_window_of_opportunity_c,
          co_window_of_opportunity_c, glass_columns_a, glass_columns_c
D:5:      layout_gridville, dancing_weapons_uskayaw, ashenzari_altar_1,
          kennysheep_mini_moat, minmay_temple_entry_statues_fountains,
          serial_shops, nicolae_shop_trees, kennysheep_crisscross,
          minmay_circle_x
D:6:      layout_basic, kennysheep_cross_bottleneck, grunt_ministairs_3,
          uniq_edmund
D:7:      layout_loops_corners
D:8:      layout_basic, nicolae_ru_the_path_less_chosen,
          lemuel_coloured_pillars_altar
D:9:      layout_irregular_city, grunt_temple_overflow_champion_of_chaos,
          david_lair_shrubbed, orc_0_dummy, uniq_erica
D:10:     layout_loops_corners, worldfamousw_hep_ancestral_shrine,
          mainiacjoe_overflow_tiny_flanked, uniq_urug
D:11:     layout_layer_cave, gammafunk_ghost_nasty_kobolds, xom_confusion_cloud,
          uniq_fannar
Temple:   nicolae_temple_figure_zero

Skill      XL: |  1  2  3  4  5  6  7  8  9 10 11 |
---------------+----------------------------------+-----
Axes           | 4 5 6 7 8 10 11 | 11.0
Fighting       | 3 4 5 6 7 |  7.6
Throwing       | 3 4 5 7 |  7.7
Dodging        | 4 5 6 7 8 |  8.1
Invocations    | 1 4 5 |  5.3

Action                   |  1- 3 |  4- 6 |  7- 9 | 10-12 || total
-------------------------+-------+-------+-------+-------++-------
Melee: War axe           |    26 |       |       |       ||    26
       Executioner's axe |     5 |   132 |   136 |   123 ||   396
Throw: Throwing net      |     1 |       |     3 |       ||     4
Invok: Heroism           |       |       |     2 |     8 ||    10
Evoke: Wand              |       |       |       |     3 ||     3
  Use: Scroll            |     1 |     4 |     5 |     5 ||    15
       Potion            |       |     1 |     5 |     1 ||     7
 Stab: Sleeping          |       |     1 |       |       ||     1
Armor: Leather armour    |     8 |    19 |       |       ||    27
       Ring mail         |       |     5 |       |       ||     5
       Scale mail        |       |    59 |    91 |   116 ||   266
Dodge: Dodged            |    26 |   106 |   115 |   122 ||   369
